 Dungeon Crawl Stone Soup version 0.23.1 (webtiles) character file.

Game seed: 3352647882259713161

198 Laiders72 the Cudgeler (level 5, -3/50 HPs)
             Began as a Minotaur Berserker on Mar 8, 2019.
             Was a Believer of Trog.
             Slain by a killer bee (4 damage)
             ... on level 3 of the Dungeon.
             The game lasted 00:04:25 (1590 turns).

Laiders72 the Cudgeler (Minotaur Berserker)         Turns: 1590, Time: 00:04:26

Health: -3/50      AC:  7    Str: 22    XL:     5   Next: 47%
Magic:  4/4        EV: 12    Int:  9    God:    Trog [**....]
Gold:   101        SH:  0    Dex: 10    Spells: 4/4 levels left

rFire    . . .     SeeInvis .   a - +0 mace
rCold    . . .     Gourm    .   (no shield)
rNeg     . . .     Faith    .   h - +0 leather armour (curse)
rPois    .         Spirit   .   (helmet restricted)
rElec    .         Reflect  .   e - +1 cloak
rCorr    +         Harm     .   d - +0 pair of gloves
MR       +....                  i - +0 pair of boots
Stlth    +.........             n - amulet of regeneration
HPRegen  0.56/turn              g - ring of protection from magic
MPRegen  0.09/turn              o - ring of resist corrosion

@: brilliant, lethally poisoned (-3 -> -9)
A: retaliatory headbutt, horns 2
a: Berserk, Trog's Hand, Renounce Religion


You were on level 3 of the Dungeon.
You worshipped Trog.
Trog was pleased with you.
You were very hungry.

You visited 1 branch of the dungeon, and saw 3 of its levels.

You collected 101 gold pieces.

Inventory:

Hand Weapons
 a - a +0 mace (weapon)
Missiles
 s - 2 throwing nets (quivered)
Armour
 d - a +0 pair of gloves (worn)
 e - a +1 cloak (worn)
 h - a cursed +0 leather armour (worn)
 i - a +0 pair of boots (worn)
 q - a +0 chain mail
Jewellery
 g - a ring of protection from magic (left hand)
 n - an amulet of regeneration (around neck)
 o - a ring of resist corrosion (right hand)
 r - an uncursed ring of protection from cold
Scrolls
 b - 2 scrolls of enchant weapon {unknown}
 f - a scroll of teleportation {unknown}
 j - a scroll of amnesia {unknown}
 k - a scroll of magic mapping {unknown}
 l - a scroll of identify
 m - 2 scrolls of noise
Comestibles
 c - 5 rations


   Skills:
 + Level 5.9 Fighting
 + Level 5.9 Maces & Flails
 - Level 2.4 Armour
 - Level 2.1 Dodging


You had 4 spell levels left.
You didn't know any spells.
Your spell library was empty.

Dungeon Overview and Level Annotations

Branches:
Dungeon (3/15)

Altars:
Cheibriados
Trog
Uskayaw
Vehumet
Xom


Innate Abilities, Weirdness & Mutations

You reflexively headbutt those who attack you in melee.
You have a pair of horns on your head.


Message History

The killer bee barely misses you. x2
You barely miss the killer bee.
You feel sick. The killer bee barely misses you. The killer bee stings you.
The killer bee barely misses you. The killer bee stings you!
* * * LOW HITPOINT WARNING * * *
The killer bee stings you but does no damage. x2
It was a potion of brilliance.
You feel clever all of a sudden.
You feel sick. The killer bee closely misses you.
The killer bee stings you but does no damage.
The killer bee stings you.
* * * LOW HITPOINT WARNING * * *
You are more poisoned.
The killer bee poisons you! The killer bee stings you.
* * * LOW HITPOINT WARNING * * *
The killer bee stings you but does no damage.
The killer bee barely misses you.
* * * LOW HITPOINT WARNING * * *
You feel sick. The killer bee stings you.
You die...

#... .# ## #...###.# ..
. ..#.. ## #.#...#
###.#...#### . ###
.......... .(. +..
#.#.!y###..... ###
#...†@y.......
#.#%##y.###'###.. #
#...##..# #.# #.#
#.##.#.###.###.# #.#
#### #......# #.'.._#
#.# #...
####.#.###.###.# #.#
#... #.......# #.# #.#
#...
###...##.###'###.####.#
#.................# #.#


You could see 3 killer bees.

Vanquished Creatures
  2 killer bees (D:3)
  A centaur skeleton (D:2)
  2 adders (D:2)
  A worm (D:2)
  2 dart slugs
  3 leopard geckos
  2 bats (D:1)
  3 giant cockroaches
  11 goblins
  8 hobgoblins
  6 kobolds
  A quokka (D:2)
  3 ball pythons
  4 frilled lizards
  7 rats
56 creatures vanquished.

Notes
Turn   | Place    | Note
-------+----------+-------------------------------------------
     0 | D:1      | Laiders72 the Minotaur Berserker began the quest for the
                  | Orb.
     0 | D:1      | Reached XP level 1. HP: 19/19 MP: 0/0
   200 | D:1      | Reached XP level 2. HP: 20/27 MP: 1/1
   574 | D:1      | Reached XP level 3. HP: 30/34 MP: 2/2
   985 | D:2      | Found a hide-covered altar of Uskayaw.
   992 | D:2      | Noticed a +0 hand axe
   993 | D:2      | Noticed a +0 dagger
  1158 | D:2      | Reached ** piety under Trog
  1184 | D:2      | Reached skill level 5 in Fighting
  1184 | D:2      | Reached skill level 5 in Maces & Flails
  1184 | D:2      | Reached XP level 4. HP: 42/42 MP: 3/3
  1248 | D:2      | Found a bloodstained altar of Trog.
  1390 | D:2      | Found a snail-covered altar of Cheibriados.
  1390 | D:2      | Found a radiant altar of Vehumet.
  1551 | D:3      | Found a shimmering altar of Xom.
  1576 | D:3      | Reached XP level 5. HP: 42/49 MP: 4/4
  1590 | D:3      | HP: 1/50 [poisoned by a killer bee]
  1590 | D:3      | Slain by a killer bee

Skill      XL: |  1  2  3 |
---------------+----------+-----
Fighting       | 4 5 |  5.9
Maces & Flails | 4 5 |  5.9
Armour         | |  2.4
Dodging        | |  2.1

Action                   |  1- 3 |  4- 6 || total
-------------------------+-------+-------++-------
Melee: Mace              |    79 |    36 ||   115
       Headbutt          |    12 |     2 ||    14
  Use: Scroll            |     1 |     1 ||     2
       Potion            |       |     1 ||     1
  Eat: Chunk             |     1 |       ||     1
Armor: Animal skin       |    22 |       ||    22
       Leather armour    |     9 |    25 ||    34
Dodge: Dodged            |    47 |    53 ||   100
